 Dungeon Crawl Stone Soup version 0.15.2 (webtiles) character file.

86160 Huymann the Nimble (level 15, 0/129 HPs)
             Began as a Black Draconian Berserker on Feb 7, 2015.
             Was the Champion of Trog.
             Killed by divine providence
             ... invoked by an orc high priest
              (11 damage)
             ... on Level 4 of the Orcish Mines on Feb 9, 2015.
             The game lasted 04:25:50 (30369 turns).

Huymann the Nimble (Black Draconian Berserker)     Turns: 30369, Time: 04:25:50

HP   0/129       AC 17     Str 20      XL: 15   Next: 40%
MP  28/28        EV 18     Int  9      God: Trog [******]
Gold 2345        SH 12     Dex 15      Spells:  0 memorised, 15 levels left

rFire  + + .     SeeInvis .     E - +9 dagger "Acecrio" {speed, Stlth++}
rCold  . . .     Clarity  .     (armour unavailable)
rNeg   + . .     rCorr    .     k - +0 shield
rPois  .         rRot     .     h - +2 hat {MR+}
rElec  +         Spirit   .     n - +1 cloak {MR+}
SustAb .         Warding  +     N - +1 pair of gloves
rMut   .         Stasis   .     (no boots)
Gourm  .                        x - amulet of warding
MR     +++..                    a - +2 ring of protection
                                i - ring of protection from fire

@: exhausted, about to teleport, flying, very slightly contaminated, slowed,
studying Fire Magic, very slow, extremely resistant to hostile enchantments,
very stealthy
A: breathe lightning, able to fly continuously, unfitting armour, antennae 1,
big wings, talons 1, breathe flames 1, fire resistance 1, electricity
resistance, cold-blooded, AC +9
a: Breathe Lightning, Stop Flying, Burn Spellbooks, Berserk, Trog's Hand,
Brothers in Arms, Renounce Religion, Breathe Fire


You were on level 4 of the Orcish Mines.
You worshipped Trog.
Trog was exalted by your worship.
You were near starving.

You visited 4 branches of the dungeon, and saw 25 of its levels.

You collected 2405 gold pieces.
You spent 60 gold pieces at shops.

Inventory:

Hand weapons
 o - a +2 war axe of venom
 r - a +2 bastard sword of flaming
 w - a +0 blowgun
 E - the +9 dagger "Acecrio" (weapon) {speed, Stlth++}
   (You found it on level 6 of the Dungeon)

   Attacks with this weapon are significantly faster.
   It makes you much more stealthy.
 J - the +2 long sword of Viukh {flame, rPois Dex-1}
   (You found it on level 8 of the Dungeon)

   It emits flame when wielded, causing extra injury to most foes and up to
   double damage against particularly susceptible opponents.
   Big, fiery blades are also staple armaments of hydra-hunters.
   It affects your dexterity (-1).
   It protects you from poison.
 L - a +4 long sword of holy wrath
 M - a +1 war axe of freezing
 O - a +4 antimagic broad axe
Missiles
 e - 6 javelins of returning (quivered)
 j - 60 poisoned needles
 s - 2 javelins of penetration
 z - 2 throwing nets
 C - 5 curare-tipped needles
 X - 9 poisoned javelins
Armour
 h - a +2 hat of magic resistance (worn)
 k - a +0 shield (worn)
 n - a +1 cloak of magic resistance (worn)
 N - a +1 pair of gloves (worn)
Magical devices
 q - a wand of frost (8)
 D - a wand of cold (6)
 H - a wand of flame (19)
 I - a wand of teleportation (5)
 Q - a wand of paralysis (11)
 S - a wand of draining (4)
 T - a wand of enslavement (6)
 Y - a wand of digging (12)
Comestibles
 c - 14 bread rations
 m - 6 fruits
 t - 12 meat rations
Scrolls
 b - 3 scrolls of teleportation
 d - 12 scrolls of remove curse
 v - a scroll of identify
Jewellery
 a - a +2 ring of protection (right hand)
 i - a ring of protection from fire (left hand)
 l - an uncursed ring of ice
 x - an amulet of warding (around neck)
 y - an uncursed ring of sustain abilities
 P - an uncursed ring of teleportation
Potions
 f - 3 potions of brilliance
 p - 4 potions of restore abilities
 A - a potion of might
 F - 3 potions of agility
 V - 5 potions of haste
 Z - 2 potions of curing
Books
 g - a book of Party Tricks

   Spells                             Type                      Level
   Summon Butterflies                 Summoning                    1
   Apportation                        Translocation                1
   Blink                              Translocation                2
   Tukima's Dance                     Hexes                        3
   Alistair's Intoxication            Transmutation/Poison         4
   Trog disapproves of the use of such an item.
 B - a book of Cantrips

   Spells                             Type                      Level
   Corona                             Hexes                        1
   Animate Skeleton                   Necromancy                   1
   Summon Small Mammal                Summoning                    1
   Apportation                        Translocation                1
   Trog disapproves of the use of such an item.
 G - a book of Ice

   Spells                             Type                      Level
   Metabolic Englaciation             Hexes/Ice                    5
   Ozocubu's Refrigeration            Ice                          6
   Bolt of Cold                       Conjuration/Ice              6
   Freezing Cloud                     Conjuration/Ice/Air          6
   Simulacrum                         Ice/Necromancy               6
   Trog disapproves of the use of such an item.
 K - a manual of Fire Magic Trog disapproves of the use of such an item.
 R - a book of Minor Magic

   Spells                             Type                      Level
   Magic Dart                         Conjuration                  1
   Blink                              Translocation                2
   Call Imp                           Summoning                    2
   Repel Missiles                     Charms/Air                   2
   Slow                               Hexes                        2
   Conjure Flame                      Conjuration/Fire             3
   Mephitic Cloud                     Conjuration/Poison/Air       3
   Trog disapproves of the use of such an item.
Miscellaneous
 u - a sack of spiders
 W - a phial of floods


   Skills:
 * Level 11.0 Fighting
 * Level 8.8(10.1) Short Blades
 * Level 8.2(9.9) Long Blades
 + Level 8.0 Axes
   Level 5.4 Staves
 + Level 4.2 Throwing
 + Level 11.2 Dodging
 * Level 11.2 Stealth
 + Level 10.4 Shields
 - Level 0.8 Spellcasting
 - Level 0.4 Fire Magic
 * Level 9.9 Evocations


You had 15 spell levels left.
You didn't know any spells.

Dungeon Overview and Level Annotations

Branches:
Dungeon (12/15)            Temple (0/1) D:7             Orc (4/4) D:12
    Elf (0/3) Orc:4          Lair (8/8) D:11         Shoals (1/5) Lair:6
  Snake (0/5) Lair:6        Slime (0/6) Lair:7

Altars:
Ashenzari
Fedhas
Makhleb
Nemelex Xobeh
Okawaru
Vehumet
Xom
The Shining One
Jiyva

Shops:
D:5 *?(   D:9 (   Orc:1 }


Innate Abilities, Weirdness & Mutations

You can breathe wild blasts of lightning.
You can fly continuously.
Your glossy black scales are hard (AC +9).
Your body does not fit into most forms of armour.
Your wings are large and strong.
You are resistant to electric shocks.
Your cold-blooded metabolism reacts poorly to cold.
You have a pair of small antennae on your head.
You have sharp toenails.
You can breathe flames.
Your flesh is heat resistant.


Message History

* * * LOW HITPOINT WARNING * * *
The orc zombie hits you but does no damage.
You block the red devil's attack. The orc zombie barely misses you.
The red devil closely misses you. The orc zombie misses you.
You block its attack. The orc zombie closely misses you.
The orc zombie hits your stone giant with a hand axe.
The orc priest invokes the aid of Beogh against you.
Something smites you!
* * * LOW HITPOINT WARNING * * *
The orc high priest invokes the aid of Beogh against you.
Something smites you!
* * * LOW HITPOINT WARNING * * *
Read which item? (? for menu, Esc to quit)
Blink to where?
Press: ? - help, Dir - move target cursor
As you read the scroll of blinking, it crumbles to dust.
You are very lightly contaminated with residual magic.
The orc high priest mumbles some strange prayers to Beogh against you.
Something smites you!
You die...

#.....ZZZo)4..##.........
######.))######.......#..
........ZZ).)..........#.)
........)Z)%.........####
..........).#$....#### #
...........###......# #.
....$..............# ##
#........###....$..# .
#.$..@..# #.#.........
#.......# ####........
##.#.....# ......... #
#....## ##.... . .....# #
#.$..## ##.### ##


You could see an orc high priest and 5 orc zombies.

Vanquished Creatures
  Gastronok (D:8)
  A merfolk impaler (Shoals:1)
  Fannar (Orc:3)
  Harold (Lair:1)
  12 hydras
  A siren (Shoals:1)
  17 death yaks
  An orc high priest (Orc:4)
  2 catoblepae (Lair:8)
  A fire crab (Lair:8)
  A sea snake (Shoals:1)
  The ghost of ghwc the Grappler, an experienced TrHu of Cheibriados (D:7)
  4 hill giants
  Pikel (D:4)
  4 lindwurms (D:11)
  A faun (Shoals:1)
  2 orc sorcerers
  An ugly thing (D:11)
  6 elephants (Lair:7)
  13 black mambas
  A griffon (Lair:3)
  13 spiny frogs
  An item mimic (D:10)
  A torpor snail (Lair:4)
  A queen ant (Lair:8)
  A gargoyle (D:10)
  11 komodo dragons
  3 fire drakes
  Grinder (D:3)
  2 trolls
  Sonja (Orc:3)
  A wind drake (Shoals:1)
  4 polar bears (Lair:5)
  2 merfolk (Shoals:1)
  2 two-headed ogres
  A boulder beetle (Lair:6)
  16 blink frogs
  A wandering mushroom (Lair:8)
  2 basilisks
  A wyvern (D:11)
  61 yaks
  A wraith (D:12)
  A deep elf mage (D:10)
  A spriggan (D:10)
  Eustachio (D:6)
  A hill giant skeleton (D:11)
  A hill giant zombie (D:10)
  A steam dragon (D:12)
  Grum (Orc:4)
  2 hungry ghosts
  3 hippogriffs
  20 water moccasins
  9 orc warriors
  20 soldier ants (Lair:8)
  2 sky beasts
  15 wolves
  Purgy (D:4)
  4 ice beasts
  19 porcupines
  8 ogres
  3 black bears
  A manticore zombie (D:11)
  10 crocodiles
  10 centaurs
  Blork the orc (D:8)
  A tengu simulacrum (D:11)
  A cyclops skeleton (D:9)
  21 giant frogs
  A scorpion (D:8)
  A hippogriff zombie (D:11)
  A troll skeleton (D:5)
  6 killer bees (D:8)
  An electric eel (Lair:3)
  27 orc priests
  5 hounds
  2 jellies
  5 crimson imps
  Crazy Yiuf (D:2)
  20 orc wizards
  A centaur skeleton (D:11)
  3 giant frog skeletons
  An iron imp (D:6)
  Natasha (twice) (D:3)
  7 iguanas
  27 worker ants
  23 sheep
  A sky beast zombie (D:10)
  Ijyb (D:3)
  24 adders
  3 gnolls (D:5)
  21 green rats
  3 shadow imps
  2 ufetubi (D:6)
  A worm (D:6)
  3 oozes
  129 orcs
  2 ball pythons
  4 giant cockroaches
  22 hobgoblins
  2 jackals (D:1)
  13 kobolds
  8 quokkas
  15 bats
  5 giant geckos
  5 giant newts
  2 giant spores
  19 goblins
  A hobgoblin zombie (D:6)
  A kobold zombie (D:5)
  An orc skeleton (D:4)
  2 orc zombies
  16 rats
  A rat skeleton (D:5)
  A ballistomycete (D:7)
  A fungus (D:2)
  A plant (Lair:3)
802 creatures vanquished.

Vanquished Creatures (collateral kills)
  Maud (Lair:4)
  Josephine (D:11)
  A hydra (Lair:6)
  2 death yaks (Lair:3)
  A catoblepas (Lair:8)
  An unseen horror (D:11)
  A sea snake (Shoals:1)
  An orc knight (Orc:3)
  Erolcha (Orc:3)
  A faun (Shoals:1)
  2 manticores
  A mermaid (Shoals:1)
  A black mamba (Lair:4)
  A centaur skeleton (D:10)
  2 yaks (Lair:1)
  A hill giant zombie (D:10)
  A porcupine (Lair:6)
  A trapdoor spider simulacrum (D:11)
  3 orc warriors (Orc:3)
  An ogre (D:9)
  2 wyvern zombies (D:11)
  A yak skeleton (D:11)
  2 orc wizards (Orc:3)
  A two-headed ogre zombie (D:11)
  A troll simulacrum (D:10)
  A crocodile skeleton (D:10)
  10 orcs
  2 goblins (Orc:3)
45 creatures vanquished.

Vanquished Creatures (others)
  2 drowned souls (Shoals:1)
  2 polar bears
  3 two-headed ogres
  An ogre (Lair:6)
  2 orcs (D:4)
  A giant spore (D:11)
  8 fungi
  5 plants
24 creatures vanquished.

Grand Total: 871 creatures vanquished

Notes
Turn   | Place    | Note
--------------------------------------------------------------
     0 | D:1      | Huymann, the Draconian Berserker, began the quest for the Orb.
     0 | D:1      | Reached XP level 1. HP: 19/19 MP: 1/1
   134 | D:1      | Reached XP level 2. HP: 23/26 MP: 2/2
   552 | D:1      | Acquired Trog's second power
   896 | D:2      | Reached XP level 3. HP: 29/31 MP: 3/3
  1199 | D:2      | Noticed Crazy Yiuf
  1208 | D:2      | Killed Crazy Yiuf
  1208 | D:2      | Reached skill level 1 in Stealth
  1272 | D:2      | Reached XP level 4. HP: 39/39 MP: 4/4
  1274 | D:2      | Found a shimmering altar of Xom.
  1349 | D:2      | Found a shattered altar of Ashenzari.
  1593 | D:3      | Reached skill level 1 in Shields
  1757 | D:3      | Noticed Grinder
  1765 | D:3      | Killed Grinder
  1765 | D:3      | Reached skill level 4 in Fighting
  1765 | D:3      | Reached skill level 1 in Staves
  1765 | D:3      | Reached XP level 5. HP: 36/46 MP: 5/5
  1765 | D:3      | Reached XP level 6. HP: 40/52 MP: 6/6
  2378 | D:3      | Noticed Ijyb
  2383 | D:3      | Killed Ijyb
  2443 | D:3      | Noticed Natasha
  2465 | D:3      | Killed Natasha
  2556 | D:3      | Found an iron altar of Okawaru.
  2556 | D:3      | Found a blossoming altar of Fedhas.
  2556 | D:3      | Found a glowing golden altar of the Shining One.
  2648 | D:3      | Noticed Natasha
  2650 | D:3      | Killed Natasha
  2837 | D:4      | Your scales start taking on a glossy black colour.
  2837 | D:4      | Gained mutation: You are resistant to electric shocks. [draconian maturity]
  2837 | D:4      | Reached XP level 7. HP: 54/60 MP: 7/7
  2891 | D:4      | Reached skill level 5 in Dodging
  2918 | D:4      | Noticed Purgy
  2927 | D:4      | Killed Purgy
  3338 | D:4      | Noticed Pikel
  3351 | D:4      | Killed Pikel
  3351 | D:4      | Reached skill level 5 in Fighting
  3351 | D:4      | Reached XP level 8. HP: 35/68 MP: 8/10
  3533 | D:5      | Entered Level 5 of the Dungeon
  3541 | D:5      | Acquired Trog's third power
  3672 | D:5      | Found Cumurava's General Store.
  3831 | D:5      | Received a gift from Trog
  3965 | D:5      | Found Stox's Antique Weapon Shoppe.
  3982 | D:5      | Reached skill level 6 in Dodging
  4006 | D:5      | Found Plaus' Magic Scroll Boutique.
  4058 | D:5      | Bought a scroll of identify for 20 gold pieces
  4058 | D:5      | Bought a scroll of identify for 20 gold pieces
  4058 | D:5      | Bought a scroll of identify for 20 gold pieces
  4469 | D:6      | Noticed Eustachio
  4490 | D:6      | Killed Eustachio
  4633 | D:6      | Reached skill level 5 in Staves
  4633 | D:6      | Reached XP level 9. HP: 70/74 MP: 11/13
  4713 | D:6      | Got a slimy dagger
  4716 | D:6      | Identified the +9 dagger "Acecrio" {speed, Stlth++} (You found it on level 6 of the Dungeon)
  5007 | D:7      | Noticed a hill giant
  5019 | D:7      | Killed a hill giant
  5019 | D:7      | Reached skill level 1 in Short Blades
  5020 | D:7      | Noticed a manticore
  5028 | D:7      | HP: 3/75 [manticore (3)]
  5029 | D:7      | HP: 1/75 [manticore (5)]
  5030 | D:7      | Killed a manticore
  5449 | D:7      | Found a sparkling altar of Nemelex Xobeh.
  5494 | D:7      | Reached skill level 5 in Stealth
  5535 | D:7      | Found a radiant altar of Vehumet.
  5596 | D:7      | Found a burning altar of Makhleb.
  5611 | D:7      | Found a staircase to the Ecumenical Temple.
  6013 | D:7      | Noticed ghwc's ghost (experienced TrHu)
  6028 | D:7      | Killed ghwc's ghost
  6028 | D:7      | Reached skill level 1 in Throwing
  6028 | D:7      | Reached skill level 7 in Dodging
  6028 | D:7      | Reached skill level 5 in Shields
  6371 | D:8      | Noticed Gastronok
  6421 | D:8      | Killed Gastronok
  6421 | D:8      | Reached skill level 5 in Evocations
  6421 | D:8      | Reached XP level 10. HP: 84/84 MP: 16/18
  6558 | D:8      | Noticed Blork the orc
  6577 | D:8      | Killed Blork the orc
  6945 | D:8      | Got a bloodstained long sword
  6946 | D:8      | Identified the cursed +2 long sword of Viukh {flame, rPois Dex-1} (You found it on level 8 of the Dungeon)
  7085 | D:9      | Found Brakh's Weapon Shoppe.
  8011 | D:9      | Reached skill level 8 in Dodging
  8024 | D:9      | Reached skill level 1 in Long Blades
  8422 | D:10     | Entered Level 10 of the Dungeon
  8503 | D:10     | Reached XP level 11. HP: 92/92 MP: 20/20
  8623 | D:10     | Noticed a hill giant
  8720 | D:10     | Reached skill level 5 in Axes
  8821 | D:10     | Killed a hill giant
  9484 | D:11     | Received a gift from Trog
  9485 | D:11     | Noticed Josephine
  9488 | D:11     | Killed an unseen horror
  9498 | D:11     | Killed Josephine
  9514 | D:11     | Noticed a lindwurm
  9516 | D:11     | Noticed a lindwurm
  9654 | D:11     | Found a staircase to the Lair.
  9659 | Lair:1   | Entered Level 1 of the Lair of Beasts
 10046 | Lair:1   | Noticed Harold
 10055 | Lair:1   | Killed Harold
 10132 | Lair:1   | Noticed a seven-headed hydra
 10209 | Lair:1   | Killed a two-headed hydra
 10238 | Lair:1   | Received a gift from Trog
 10691 | Lair:2   | Noticed a five-headed hydra
 10696 | Lair:2   | Killed a three-headed hydra
 10799 | Lair:2   | Reached skill level 9 in Dodging
 10842 | Lair:2   | Reached XP level 12. HP: 39/103 MP: 22/22
 10880 | Lair:2   | Noticed a seven-headed hydra
 11636 | Lair:2   | Noticed an eight-headed hydra
 11823 | Lair:2   | Reached skill level 5 in Short Blades
 12193 | Lair:2   | Killed a five-headed hydra
 12272 | Lair:2   | Killed a five-headed hydra
 13607 | Lair:3   | Received a gift from Trog
 14046 | Lair:3   | Reached skill level 5 in Long Blades
 15420 | Lair:4   | Noticed Maud
 15436 | Lair:4   | Killed Maud
 15436 | Lair:4   | Reached XP level 13. HP: 54/111 MP: 24/24
 16769 | Lair:5   | Reached skill level 10 in Dodging
 17858 | Lair:6   | Found a labyrinth entrance.
 17935 | Lair:6   | Found a staircase to the Snake Pit.
 18343 | Lair:6   | Found a staircase to the Shoals.
 19587 | Lair:6   | Reached skill level 10 in Stealth
 20201 | Lair:7   | Gained mutation: Your wings are large and strong. [draconian growth]
 20201 | Lair:7   | Reached XP level 14. HP: 110/119 MP: 26/26
 21196 | Lair:7   | Received a gift from Trog
 21304 | Lair:7   | Reached skill level 10 in Fighting
 21309 | Lair:7   | Found a staircase to the Slime Pits.
 21309 | Lair:7   | Found a viscous altar of Jiyva.
 22041 | Lair:8   | Entered Level 8 of the Lair of Beasts
 22987 | Lair:8   | Received a gift from Trog
 23294 | Lair:8   | Gained mutation: You have a pair of small antennae on your head. [potion of mutation]
 23294 | Lair:8   | Gained mutation: Your flesh is heat resistant. [potion of mutation]
 23294 | Lair:8   | Gained mutation: You have sharp toenails. [potion of mutation]
 23540 | Lair:8   | Gained mutation: You can breathe flames. [potion of beneficial mutation]
 24636 | Lair:8   | Reached skill level 11 in Dodging
 25641 | Shoals:1 | Entered Level 1 of the Shoals
 25848 | Shoals:1 | Received a gift from Trog
 25856 | Shoals:1 | Reached skill level 10 in Shields
 25952 | Shoals:1 | Reached XP level 15. HP: 45/128 MP: 28/28
 26386 | Lair:1   | Noticed an eight-headed hydra
 26391 | Lair:1   | Killed a five-headed hydra
 26775 | D:11     | Noticed a lindwurm
 26778 | D:11     | Killed a lindwurm
 26791 | D:11     | Killed a lindwurm
 26804 | D:11     | Killed a lindwurm
 26839 | D:11     | Noticed a lindwurm
 26844 | D:11     | Killed a lindwurm
 27979 | D:12     | Found a staircase to the Orcish Mines.
 28002 | Orc:1    | Entered Level 1 of the Orcish Mines
 28207 | Orc:1    | Received a gift from Trog
 28255 | Orc:1    | Found Mawkaani's Gadget Boutique.
 28340 | Orc:1    | Received a gift from Trog
 28486 | Orc:1    | Received a gift from Trog
 28597 | Orc:1    | Found a shimmering altar of Xom.
 29074 | Orc:3    | Noticed Fannar
 29097 | Orc:3    | Killed Fannar
 29245 | Orc:3    | Noticed Sonja
 29250 | Orc:3    | Killed Sonja
 29685 | Orc:3    | Noticed Erolcha
 29690 | Orc:3    | Killed Erolcha
 30163 | Orc:4    | Entered Level 4 of the Orcish Mines
 30163 | Orc:4    | Found a staircase to the Elven Halls.
 30163 | Orc:4    | Noticed Grum
 30173 | Orc:4    | Killed Grum
 30359 | Orc:4    | Received a gift from Trog
 30369 | Orc:4    | Killed from afar by an orc high priest

Action                   |  1- 3 |  4- 6 |  7- 9 | 10-12 | 13-15 || total
-------------------------+-------+-------+-------+-------+-------++-------
Melee: Hand axe          |   106 |     7 |    44 |     2 |       ||   159
       Quarterstaff      |     5 |    99 |   200 |    50 |       ||   354
       Dagger            |       |       |    67 |   590 |  1671 ||  2328
       Battleaxe         |       |       |     7 |    10 |       ||    17
       Long sword        |       |       |       |   196 |   171 ||   367
       Broad axe         |       |       |       |    11 |    16 ||    27
       Bastard sword     |       |       |       |       |    25 ||    25
       War axe           |       |       |       |       |    11 ||    11
 Fire: Blowgun           |       |       |       |       |    89 ||    89
Throw: Javelin           |       |       |    11 |    30 |    44 ||    85
       Throwing net      |       |       |     1 |     2 |       ||     3
Invok: Berserk           |     1 |     2 |     6 |     9 |    19 ||    37
       Trog's Hand       |       |     2 |     2 |     5 |     2 ||    11
       Brothers in Arms  |       |       |     1 |     7 |     7 ||    15
       Burn Spellbooks   |       |       |       |       |     1 ||     1
 Abil: Breathe Lightning |       |       |     1 |     4 |     4 ||     9
       Breathe Fire      |       |       |       |       |     1 ||     1
       Fly               |       |       |       |       |     1 ||     1
Evoke: Wand              |       |       |     2 |    10 |    19 ||    31
  Use: Scroll            |       |     3 |     7 |    20 |    14 ||    44
       Potion            |       |       |     4 |     2 |     6 ||    12
 Stab: Sleeping          |       |     2 |     8 |    26 |    69 ||   105
       Petrified         |       |       |     1 |       |       ||     1
       Paralysed         |       |       |     1 |     2 |     1 ||     4
       Confused          |       |       |     1 |       |       ||     1
       Distracted        |       |       |     1 |     4 |     6 ||    11
       Held in net/web   |       |       |       |     2 |       ||     2
       Invisible         |       |       |       |       |     1 ||     1
       Petrifying        |       |       |       |       |     1 ||     1
  Eat: Chunk             |     2 |     8 |    17 |    26 |    55 ||   108
       Pizza             |       |       |       |     3 |     3 ||     6
       Fruit             |       |       |       |     9 |     6 ||    15
       Beef jerky        |       |       |       |     2 |     1 ||     3
       Royal jelly       |       |       |       |       |     1 ||     1
